 Dungeon Crawl Stone Soup version 0.29-a0-72-g1732ff48e7 (webtiles) character file.

Game seed: 5284661073360673657

105 Cecur the Grasshopper (level 4, -1/23 HPs)
             Began as a Spriggan Warper on Feb 3, 2022.
             Was an Initiate of Gozag.
             Slain by a killer bee zombie (4 damage)
             ... on level 5 of the Dungeon.
             The game lasted 00:06:19 (3993 turns).

Cecur the Grasshopper (Spriggan Warper)             Turns: 3993, Time: 00:06:19

Health: -1/23      AC:  2    Str:  7    XL:     4   Next: 54%
Magic:  9/9        EV: 19    Int: 14    God:    Gozag
Gold:   282        SH:  0    Dex: 22    Spells: 8/8 levels left

rFire   . . .      SeeInvis +   f - +0 rapier
rCold   . . .      Faith    .   (no shield)
rNeg    . . .      Spirit   .   b - +0 robe
rPois   .          Reflect  .   (helmet restricted)
rElec   .          Harm     .   (no cloak)
rCorr   .          Rampage  .   (gloves unavailable)
Will    .....                   (boots unavailable)
Stlth   +++.......              (no amulet)
HPRegen 0.07/turn               n - +6 ring of dexterity
MPRegen 0.11/turn               (no ring)

@: flying, very quick
A: very small, no large weapons, unfitting armour, see invisible, speed 3
a: Renounce Religion, Potion Petition, Call Merchant, Bribe Branch


You were on level 5 of the Dungeon.
You worshipped Gozag.
Gozag was aware of your devotion.
You visited 1 branch of the dungeon, and saw 5 of its levels.

You collected 282 gold pieces.

Inventory:

Hand Weapons
 a - a +0 short sword
 f - a +0 rapier (weapon)
Missiles
 d - 5 boomerangs of dispersal (quivered)
Armour
 b - a +0 robe (worn)
Jewellery
 n - a +6 ring of dexterity (left hand)
 o - an amulet of the acrobat
Scrolls
 c - a scroll of blinking
 i - 2 scrolls of teleportation {unknown}
 k - a scroll of identify {unknown}
 l - a scroll of fear {unknown}
 q - a scroll of enchant weapon {unknown}
Potions
 e - 2 potions of flight
 g - a potion of haste {unknown}
 h - a potion of magic {unknown}
 j - a potion of invisibility {unknown}
 m - a potion of heal wounds {unknown}
 p - a potion of resistance


   Skills:
 + Level 2.0 Fighting
 + Level 3.3 Short Blades
 - Level 1.0 Throwing
 + Level 3.9 Dodging
 * Level 3.9 Stealth
 + Level 2.8 Spellcasting
 + Level 4.6 Translocations


You had 8 spell levels left.
You didn't know any spells.
Your spell library contained the following spells:

 Spells                   Type           Power      Damage    Failure   Level
 Blink                    Tloc           30%        N/A       4%          2
 Gell's Gravitas          Tloc           15%        N/A       10%         3
 Lesser Beckoning         Tloc           15%        N/A       10%         3
 Teleport Other           Tloc           15%        N/A       10%         3
 Frozen Ramparts          Ice            2%         1d2       54%         3
 Manifold Assault         Tloc           15%        N/A       65%         5
 Ice Form                 Ice/Tmut       1%         N/A       91%         4
 Summon Ice Beast         Ice/Summ       1%         N/A       91%         4


Dungeon Overview and Level Annotations

Branches:
Dungeon (5/15)
 Temple: D:4-7

Altars:
Gozag
Trog

Annotations:
D:5 Sigmund


Innate Abilities, Weirdness & Mutations

You are very small and have problems with some larger weapons.
You are too small for most types of armour.
You have supernaturally acute eyesight. (SInv)
You cover ground extremely quickly. (Speed+++)


Message History

There is a stone staircase leading down here.
The goblin misses you.
You hit the iguana but do no damage. The iguana misses you.
You barely miss the iguana.
The iguana bites you but does no damage.
The iguana bites you.
You closely miss the iguana. The iguana misses you.
You hit the iguana.
The iguana is lightly wounded.
The iguana closely misses you.
You hit the iguana.
The iguana is lightly wounded.
The iguana barely misses you.
You hit the iguana.
The iguana is lightly wounded.
The iguana bites you!
* * * LOW HITPOINT WARNING * * *
There is a stone staircase leading up here.
Things that are here:
7 gold pieces; a +0 leather armour; a +0 hand axe The orc shouts!
There is a stone staircase leading down here.
You climb downwards.
Level annotation: Sigmund The killer bee zombie misses you.
The killer bee zombie hits you but does no damage.
There is a stone staircase leading up here.
The killer bee zombie misses you.
The killer bee zombie barely misses you.
The killer bee zombie closely misses you.
The killer bee zombie closely misses you.
There is a stone staircase leading down here.
The killer bee zombie hits you.
* * * LOW HITPOINT WARNING * * *
Found a green potion and a helmet.
It was a potion of flight.
You feel very buoyant.
You fly up into the air.
The killer bee zombie hits you.
You die...
Your body crumbles into a pile of gold.

###### ###....##
#.......#####
#.#.##..#... #
#.#.##..#.###....
####.#.....Z@......^
#.......#.!#..^.....
#>##.......#........
#####.##.......#.^^.....
......###...##..........
####### ##.###..^.^..^..
#.# #.......... #.#
#..[.....^. #'# $


You could see a killer bee zombie.

Vanquished Creatures
  An orc wizard (D:3)
  2 adders (D:3)
  2 worms (D:2)
  2 dart slugs
  3 orcs
  3 endoplasms
  5 goblins
  3 hobgoblins (D:1)
  6 kobolds
  4 quokkas
  7 ball pythons
  5 bats
  A frilled lizard (D:1)
  5 rats
49 creatures vanquished.

Notes
Turn   | Place    | Note
-------+----------+-------------------------------------------
     0 | D:1      | Cecur the Spriggan Warper began the quest for the Orb.
     0 | D:1      | Reached XP level 1. HP: 10/10 MP: 5/5
     2 | D:1      | Noticed a vine stalker
     4 | D:1      | Noticed a minotaur
     4 | D:1      | Noticed a troll
     6 | D:1      | Noticed a merfolk
     8 | D:1      | Noticed a dwarf
     8 | D:1      | Noticed a demigod
    10 | D:1      | Noticed a spriggan
    12 | D:1      | Noticed a naga
    12 | D:1      | Noticed a human
    14 | D:1      | Noticed an elf
    14 | D:1      | Noticed a felid
    16 | D:1      | Noticed a vampire
    18 | D:1      | Noticed an ogre
    18 | D:1      | Noticed a formicid
    20 | D:1      | Noticed an octopode
    20 | D:1      | Noticed a draconian
    22 | D:1      | Noticed a gargoyle
    22 | D:1      | Noticed a demonspawn
    24 | D:1      | Noticed a ghoul
    24 | D:1      | Noticed a tengu
   445 | D:1      | Reached skill level 1 in Stealth
   541 | D:1      | Reached XP level 2. HP: 14/14 MP: 6/6
   848 | D:1      | Found a faded altar of an unknown god.
   859 | D:1      | Prayed at the altar of an unknown god.
   859 | D:1      | Became a worshipper of Gozag Ym Sagoz the Greedy
  1615 | D:2      | Reached XP level 3. HP: 6/18 MP: 8/8
  3021 | D:3      | Reached XP level 4. HP: 10/23 MP: 9/9
  3693 | D:5      | Entered Level 5 of the Dungeon
  3693 | D:5      | Noticed Sigmund
  3722 | D:5      | Found a bloodstained altar of Trog.
  3722 | D:5      | Noticed a black bear
  3724 | D:5      | Noticed a black bear
  3993 | D:5      | Slain by a killer bee zombie

Illustrated notes

Levels and vault maps discovered:
D:1:      kb_arrival_jail, layout_loops_corners,
          shapermc_ecumenical_altar_pompeii
D:2:      layout_basic
D:3:      layout_basic, hex_tiny
D:4:      layout_rooms, kennysheep_generic_room_15, uniq_crazy_yiuf_cottage
D:5:      layout_loops_corners, trog_ov_bears_minmay,
          nicolae_overflow_hidden_temple, minmay_temple_entry_statues_fountains,
          minmay_holes, uniq_sigmund

Skill      XL: |  1  2  3  4 |
---------------+-------------+-----
Stealth        | 1 2 3 |  3.9
Short Blades   | 3 |  3.3
Fighting       | 2 |  2.0
Throwing       | |  1.0
Dodging        | |  3.9
Spellcasting   | |  2.8
Translocations | |  4.6

Action                   |  1- 3 |  4- 6 || total
-------------------------+-------+-------++-------
Melee: Rapier            |   136 |    45 ||   181
       Short sword       |     9 |       ||     9
       Punch             |     2 |     2 ||     4
  Use: Potion            |       |     1 ||     1
 Stab: Sleeping          |     8 |       ||     8
       Distracted        |     1 |       ||     1
Armor: Robe              |     8 |     4 ||    12
Dodge: Dodged            |    77 |    44 ||   121

Table legend: (Time is in decaauts)
 A = Elapsed time spent in this place.
 B = Non-inter-level travel time spent in this place.
 C = Inter-level travel time spent in this place.
 D = Time resting spent in this place.
 E = Time spent auto-exploring this place.
 F = Levels seen in this place.
 G = Mean time per level.
                   A        B        C        D        E       F      G
               +--------+--------+--------+--------+--------+-----+--------+
         Total |   3260 |   3260 |      0 |    465 |   2225 |   5 |  652.0 |
       Dungeon |   3260 |   3260 |      0 |    465 |   2225 |   5 |  652.0 |
               +--------+--------+--------+--------+--------+-----+--------+

Top non-repeatable levels by time:
     D:1: 1048 daAuts
     D:2: 915 daAuts
     D:3: 833 daAuts
     D:4: 254 daAuts
     D:5: 209 daAuts
